Map: Ascension to Aiur LE

Players

Mulehammer

  • Race: Terran Terran
  • Spawn Location: 11:00

A.I. 1 (Very Easy) - Winner!

  • Race: Terran Terran
  • Spawn Location: 5:00

VOD

Have the link to the VOD?

Description

Time

  • Played on: Aug. 21, 2017, 2:41 p.m.
  • Length: 5:36
Show
View Real Time Build Order
Export as new Build Order

Mulehammer Terran 

Build Orders: Reaper Expand, Tank push 

Get SALT Encoding   

  12  0:01  SCV  
  13  0:13  SCV  
  14  0:17  Supply Depot  
  14  0:25  SCV  
  15  0:30  Refinery  
  15  0:39  SCV  
  16  0:49  Barracks  
  16  0:51  SCV  
  17  1:03  SCV  
  18  1:15  SCV  
  19  1:36  Orbital Command, Reaper  
  20  1:44  Command Center  
  20  1:54  Factory  
  20  2:01  SCV  
  21  2:08  Barracks Reactor  
  21  2:14  SCV  
  22  2:16  Refinery  
  22  2:17  Supply Depot  
  22  2:26  SCV  
  23  2:39  SCV  
  23  2:40  Hellion  
  23  2:42  Starport  
  26  2:44  Marine x2  
  26  2:51  SCV  
  29  2:56  Orbital Command  
  29  3:01  Factory Tech Lab  
  29  3:03  SCV  
  29  3:05  Marine x2  
  32  3:15  SCV  
  33  3:22  SCV  
  33  3:25  Supply Depot  
  34  3:27  Raven  
  34  3:28  SCV  
  34  3:29  Factory Tech Lab  
  34  3:32  Marine x2  
  39  3:34  SCV  
  39  3:38  Refinery  
  39  3:40  SCV  
  41  3:47  SCV, Supply Depot  
  42  3:50  Marine x2  
  42  3:52  SCV  
  48  3:55  Siege Tank  
  48  3:59  SCV  
  49  4:04  SCV  
  50  4:10  Supply Depot  
  50  4:11  SCV  
  50  4:16  SCV  
  56  4:18  Viking x2  
  56  4:23  SCV  
  57  4:29  Marine  
  57  4:30  Siege Tank  
  61  4:33  SCV, Supply Depot  
  61  4:35  SCV  
  63  4:45  SCV  
  64  4:47  SCV  
  64  4:48  Viking x2, Marine  
  70  4:57  Supply Depot  
  70  4:58  SCV  
  71  5:00  SCV  
  71  5:02  Supply Depot  
  71  5:03  Siege Tank  
  71  5:06  Marine  
  76  5:10  SCV  
  76  5:12  SCV  
  78  5:22  SCV  
  78  5:24  Supply Depot  
  81  5:29  Command Center  
Show
View Real Time Build Order
Export as new Build Order

A.I. 1 (Very Easy) Terran - Winner!

Build Orders:  

Get SALT Encoding   

  12  0:00  SCV  
  13  0:13  SCV  
  14  0:19  Supply Depot  
  14  0:37  Refinery  
  14  0:42  Barracks  
  14  1:05  Supply Depot  
  14  1:13  Refinery  
  14  1:29  Marine  
  14  1:31  Orbital Command  
  15  1:57  SCV  
  16  2:04  Marine  
  17  2:09  SCV  
  18  2:21  SCV  
  19  2:33  SCV  
  20  2:39  Marine  
  21  2:45  SCV  
  22  2:57  SCV  
Tags
 
Matchup
TvT
Race
Terran
Spawn Locations
Cross Positions
Strategy
Tank push
Add a new tag
Caveats
  • Supply blocks, unpowered buildings, or Contaminate may cause inaccurate times.
  • Supply counts are checked every 10 seconds.